 Dungeon Crawl Stone Soup version 0.30-a0-225-g04c3547f4f (webtiles) character file.

Game seed: 6600181381547394825

87 qw the Chopper (level 4, -1/28 HPs)
             Began as a Gargoyle Fighter on Oct 9, 2022.
             Slain by a gnoll
             ... wielding a +0 club
              (5 damage)
             ... on level 2 of the Dungeon.
             The game lasted 00:00:38 (1270 turns).

qw the Chopper (Gargoyle Fighter)                   Turns: 1270, Time: 00:00:39

Health: -1/28      AC: 21    Str: 22      XL:     4   Next: 51%
Magic:  4/4        EV:  2    Int:  7 (8)  God:
Gold:   59         SH:  9    Dex:  6 (9)  Spells: 3/3 levels left

rFire   . . .      SeeInvis .    Y - +1 war axe
rCold   . . .      Faith    .    c - +0 buckler
rNeg    + . .      Spirit   .    j - +0 crystal plate armour
rPois   inf        Reflect  +    (no helmet)
rElec   +          Harm     .    m - +1 cloak
rCorr   .          Rampage  .    (no gloves)
Will    .....                    (no boots)
Stlth   ..........               n - amulet of reflection
HPRegen 0.24/turn                (no ring)
MPRegen 0.09/turn                (no ring)

@: no status effects
A: sickness immunity, AC +3, negative energy resistance 1, electricity
resistance, torment resistance 1, petrification resistance
a: no special abilities


You were on level 2 of the Dungeon.
You visited 1 branch of the dungeon, and saw 2 of its levels.

You collected 59 gold pieces.


Innate Abilities, Weirdness & Mutations

You are immune to sickness and miasma.
Your stone body is resilient. (AC +3)
You are immune to poison.
You resist negative energy. (rN+)
You are resistant to electric shocks. (rElec)
You are resistant to unholy torment.
You are immune to petrification.


   Skills:
 - Level 3.2 Fighting
 - Level 4.1 Axes
 + Level 3.5 Armour
 - Level 3.2 Shields


You had 3 spell levels left.
You didn't know any spells.
Your spell library was empty.

Inventory:

Hand Weapons
 k - a +0 club
 Y - a +1 war axe (weapon)
Armour
 c - a +0 buckler (worn)
 j - a +0 crystal plate armour (worn)
 m - a +1 cloak (worn)
Jewellery
 n - an amulet of reflection (around neck)
Scrolls
 a - 2 scrolls of identify
 b - a scroll of blinking {unknown}
Potions
 d - 2 potions of might
 e - a potion of heal wounds {unknown}
 i - a potion of attraction {unknown}

Dungeon Overview and Level Annotations

Branches:
Dungeon (2/15)

Altars:


Message History

You kill the gnoll!
You barely miss the gnoll. The gnoll barely misses you.
A gnoll comes into view. It is wielding a +0 club.
You block the gnoll's attack. The gnoll hits you with a +0 halberd.
You feel your strength returning.
Your Axes skill increases to level 4!
The gnoll shouts!
You hit the gnoll.
The gnoll is almost dead.
You hit the gnoll. The gnoll hits you with a +0 whip.
The gnoll hits you with a +0 halberd.
You closely miss the gnoll.
The gnoll is almost dead.
You completely miss the gnoll. The gnoll hits you but does no damage.
The gnoll hits you with a +0 halberd. The gnoll hits you but does no damage.
The gnoll barely misses you.
You slash the gnoll!
You kill the gnoll!
You closely miss the gnoll. You barely miss the gnoll.
The gnoll hits you but does no damage. You block the gnoll's attack.
You feel your intelligence returning.
You hit the gnoll but do no damage.
The gnoll is lightly wounded.
You closely miss the gnoll. The gnoll hits you but does no damage.
The gnoll hits you with a +0 club.
You hit the gnoll.
The gnoll is heavily wounded.
You hit the gnoll. The gnoll hits you but does no damage.
The gnoll hits you with a +0 club. The gnoll hits you but does no damage.
You block the gnoll's attack.
You barely miss the gnoll.
The gnoll is heavily wounded.
You barely miss the gnoll. The gnoll hits you but does no damage.
The gnoll hits you with a +0 club.
You barely miss the gnoll.
The gnoll is heavily wounded.
You barely miss the gnoll. You block the gnoll's attack.
The gnoll hits you with a +0 club.
You die...

......................#
#.###.#########.......#
..# #......#....#######
#####....#.#.##.#
....'....#.#.#..#
#####....#.#.##.### . #
#....#.#.##.#.# ...
#####....#...#..#g#.....
.........######.@g......
#..............+#)#.....
#.#.........#.....# ...
#.#.#####.#.#.....# .
#.#.### #.#.#$....#
#.....# #.#.+.....#
###.#.# #.###.....#
###.#.###.# .#
....#.....#


You could see 2 gnolls.

Vanquished Creatures
  A hound (D:2)
  2 gnolls (D:2)
  A worm (D:2)
  A dart slug (D:1)
  4 endoplasms
  3 giant cockroaches (D:1)
  4 goblins
  2 hobgoblins
  3 bats (D:1)
  3 frilled lizards
  4 kobolds
  5 rats (D:1)
33 creatures vanquished.

Vanquished Creatures (others)
  7 plants (D:1)
7 creatures vanquished.

Grand Total: 40 creatures vanquished

Notes
Turn   | Place    | Note
-------+----------+-------------------------------------------
     0 | D:1      | qw the Gargoyle Fighter began the quest for the Orb.
     0 | D:1      | Reached XP level 1. HP: 14/14 MP: 1/1
     0 | D:1      | 0 ||| qw: Version: 0.2-a-17-g06abaee
     0 | D:1      | 0 ||| qw: Game counter: 2294
     0 | D:1      | 0 ||| qw: Always use a shield: true
     0 | D:1      | 0 ||| qw: God list: Okawaru
     0 | D:1      | 0 ||| qw: Allow faded altars: false
     0 | D:1      | 0 ||| qw: Do Orc after D:15 true
     0 | D:1      | 0 ||| qw: Do second Lair branch before Depths: true
     0 | D:1      | 0 ||| qw: Lair rune preference: random
     0 | D:1      | 0 ||| qw: Plans: Normal, Zot:1-4, God:TSO, Crypt, Tomb,
                  | Pan, Slime:5, Hells, Abyss, Orb
     0 | D:1      | 0 ||| PLANNING D:1-11
   125 | D:1      | Reached skill level 2 in Axes
   266 | D:1      | Reached XP level 2. HP: 19/19 MP: 2/2
   697 | D:1      | Reached skill level 3 in Axes
   789 | D:1      | 789 ||| Stepping ~*~*~tactically~*~*~ (stealth).
   796 | D:1      | Reached XP level 3. HP: 22/23 MP: 3/3
   971 | D:1      | 971 ||| UPGRADING to +0 crystal plate armour.
   981 | D:1      | 981 ||| DROPPING +0 scale mail.
   982 | D:1      | 982 ||| UPGRADING to +1 cloak.
   987 | D:1      | 987 ||| UPGRADING to amulet of reflection.
   992 | D:1      | 992 ||| READING 3 scrolls labelled BIUTZU CIREQIL.
   993 | D:1      | 993 ||| READING scroll labelled SUYFEAKLEL.
   997 | D:1      | 997 ||| READING scroll labelled JOXATEETUR.
   998 | D:1      | 998 ||| READING scroll labelled XIUJUU NUHU.
   999 | D:1      | 999 ||| DRINKING 2 bubbling silvery potions.
  1000 | D:1      | 1000 ||| READING 2 scrolls of identify.
  1000 | D:1      | 1000 ||| IDENTIFYING sedimented golden potion
  1001 | D:1      | 1001 ||| DROPPING potion of berserk rage.
  1002 | D:1      | 1002 ||| DROPPING potion of degeneration.
  1181 | D:2      | Reached XP level 4. HP: 28/28 MP: 4/4
  1257 | D:2      | 1257 ||| Stepping ~*~*~tactically~*~*~ (hiding).
  1264 | D:2      | Reached skill level 4 in Axes
  1269 | D:2      | HP: 4/28 [gnoll/+0 club (5)]
  1270 | D:2      | Slain by a gnoll

Levels and vault maps discovered:
D:1:      ebering_trefoil_twist, layout_loops_ring, serial_bayou,
          serial_bayou_lake_a, serial_bayou_pond_b, serial_bayou_shore_b,
          serial_bayou_crossing, serial_bayou_ford_a, kennysheep_flooded_box,
          serial_bayou_pond_d, chequers_arboretum, st_stairs_1
D:2:      layout_basic, serial_co_window_serial, co_window_of_opportunity_a,
          co_window_of_opportunity_a, co_window_paths_a, co_window_corner_a,
          co_window_corner_a, co_window_cross_2, co_window_unsneaky_path_c,
          co_window_corner_b, co_window_of_opportunity_b

Skill      XL: |  1  2  3  4 |
---------------+-------------+-----
Axes           | 2 3 4 |  4.1
Fighting       | |  3.2
Armour         | |  3.5
Shields        | |  3.2

Action                   |  1- 3 |  4- 6 || total
-------------------------+-------+-------++-------
Melee: War axe           |   129 |    15 ||   144
  Use: Scroll            |     5 |       ||     5
       Potion            |     1 |       ||     1
Armor: Scale mail        |    69 |       ||    69
       Crystal plate arm |    10 |    14 ||    24
Dodge: Dodged            |    66 |     4 ||    70
Block: Buckler           |    22 |     5 ||    27

Table legend:
 A = Non-vault XP
 B = Vault XP
 C = Vault XP percentage of total XP
 D = Non-vault monster count
 E = Vault monster count
 F = Vault count percentage of total count
                 A         B        C        D         E       F
            +---------+---------+-------+---------+---------+-------
      Total |     116 |       9 |   7.2 |      28 |       5 |  15.2
            +---------+---------+-------+---------+---------+-------
        D:1 |      29 |       9 |  23.7 |      19 |       5 |  20.8
        D:2 |      87 |       0 |   0.0 |       9 |       0 |   0.0
            +---------+---------+-------+---------+---------+-------
